TOP OF THE 1ST |
Iowa State Cyclones batting - Pitching for Kansas State Wildcats : LHP Ron Huggins
|
Pitching: LHP Ron Huggins
|
|
Batting: RHB Tom Cline
|
0-0: Foul Ball, location: 2F 0-1: Foul Ball, location: 2F 0-2: Strikes out swinging
|
Batting: LHB Ash Carney
|
0-0: Fly out, F8 (Flyball, 8RM)
|
Batting: LHB Ramiro Muńóz
|
0-0: Ball 1-0: Called Strike 1-1: Fly out, F8 (Line Drive, 8LM)
|
Top of the 1st over - 0 run(s), 0 hit(s), 0 error(s), 0 left on base; Iowa State 0 - Kansas State 0 |
BOTTOM OF THE 1ST |
Kansas State Wildcats batting - Pitching for Iowa State Cyclones : RHP Tim Hooper
|
Pitching: RHP Tim Hooper
|
|
Batting: RHB Bill Jordan
|
0-0: Swinging Strike 0-1: Ground out 4-3 (Groundball, 4)
|
Batting: SHB Don Pittman
|
0-0: Called Strike 0-1: Ball 1-1: Ball 2-1: Fly out, F5 (Popup, 5DF)
|
Batting: LHB Tony Smith
|
0-0: Swinging Strike 0-1: Foul Ball, location: 2F 0-2: Ball 1-2: Strikes out swinging
|
Bottom of the 1st over - 0 run(s), 0 hit(s), 0 error(s), 0 left on base; Iowa State 0 - Kansas State 0 |
TOP OF THE 2ND |
Iowa State Cyclones batting - Pitching for Kansas State Wildcats : LHP Ron Huggins
|
Batting: RHB Dan Morrison
|
0-0: Fly out, F9 (Flyball, 89M)
|
Batting: SHB Mario Trujillo
|
0-0: Fly out, F7 (Flyball, 7M)
|
Batting: RHB Marvin Reynolds
|
0-0: Foul Ball, location: 2F 0-1: Swinging Strike 0-2: Ball 1-2: Ball 2-2: Ball 3-2: Strikes out swinging
|
Top of the 2nd over - 0 run(s), 0 hit(s), 0 error(s), 0 left on base; Iowa State 0 - Kansas State 0 |
BOTTOM OF THE 2ND |
Kansas State Wildcats batting - Pitching for Iowa State Cyclones : RHP Tim Hooper
|
Batting: LHB Kyle Harrison
|
0-0: Ball 1-0: Swinging Strike 1-1: Ball 2-1: SOLO HOME RUN (Flyball, 7D), Distance : 359 ft
|
Batting: LHB Juan Cuervo
|
0-0: Swinging Strike 0-1: Called Strike 0-2: Strikes out swinging
|
Batting: LHB José Rodríguez
|
0-0: Ground out 4-3 (Groundball, 4M)
|
Batting: RHB David Hernández
|
0-0: Called Strike 0-1: Foul Ball, location: 2F 0-2: Ball 1-2: Ball 2-2: Ground out 6-3 (Groundball, 56)
|
Bottom of the 2nd over - 1 run(s), 1 hit(s), 0 error(s), 0 left on base; Iowa State 0 - Kansas State 1 |
TOP OF THE 3RD |
Iowa State Cyclones batting - Pitching for Kansas State Wildcats : LHP Ron Huggins
|
Batting: RHB Fernando Garza
|
0-0: Called Strike 0-1: Ball 1-1: Called Strike 1-2: Ball 2-2: Strikes out swinging
|
Batting: RHB Steve Burton
|
0-0: Ball 1-0: Ball 2-0: Ball 3-0: Called Strike 3-1: Foul Ball, location: 2F 3-2: SINGLE (Line Drive, 6D)
|
Batting: RHB Jeff Bergeron
|
0-0: Called Strike 0-1: Fly out, F8 (Line Drive, 8LM)
|
Batting: RHB Tom Cline
|
0-0: Called Strike 0-1: Swinging Strike 0-2: Ball 1-2: Strikes out looking
|
Top of the 3rd over - 0 run(s), 1 hit(s), 0 error(s), 1 left on base; Iowa State 0 - Kansas State 1 |
BOTTOM OF THE 3RD |
Kansas State Wildcats batting - Pitching for Iowa State Cyclones : RHP Tim Hooper
|
Batting: RHB John Wilson
|
0-0: Ball 1-0: Ball 2-0: Fly out, F5 (Popup, 25F)
|
Batting: RHB Steve Ashe
|
0-0: Called Strike 0-1: Ball 1-1: SOLO HOME RUN (Flyball, 7D), Distance : 371 ft
|
Batting: RHB Bill Jordan
|
0-0: Called Strike 0-1: Ground out 6-3 (Groundball, 6M)
|
Batting: SHB Don Pittman
|
0-0: Ball 1-0: Foul Ball, location: 2F 1-1: Foul Ball, location: 2F 1-2: Foul Ball, location: 2F 1-2: Ball 2-2: Foul Ball, location: 2F 2-2: Ground out 5-3 (Groundball, 56S)
|
Bottom of the 3rd over - 1 run(s), 1 hit(s), 0 error(s), 0 left on base; Iowa State 0 - Kansas State 2 |
TOP OF THE 4TH |
Iowa State Cyclones batting - Pitching for Kansas State Wildcats : LHP Ron Huggins
|
Batting: LHB Ash Carney
|
0-0: Fly out, F7 (Flyball, 78M)
|
Batting: LHB Ramiro Muńóz
|
0-0: Foul Ball, location: 2F 0-1: Called Strike 0-2: Foul Ball, location: 2F 0-2: Ball 1-2: Foul Ball, location: 2F 1-2: Ball 2-2: Ball 3-2: Foul Ball, location: 2F 3-2: Foul Ball, location: 2F 3-2: Ground out 4-3 (Groundball, 4)
|
Batting: RHB Dan Morrison
|
0-0: Called Strike 0-1: Ground out U3 (Groundball, 3S)
|
Top of the 4th over - 0 run(s), 0 hit(s), 0 error(s), 0 left on base; Iowa State 0 - Kansas State 2 |
BOTTOM OF THE 4TH |
Kansas State Wildcats batting - Pitching for Iowa State Cyclones : RHP Tim Hooper
|
Batting: LHB Tony Smith
|
0-0: Called Strike 0-1: Ball 1-1: Foul Ball, location: 2F 1-2: Ball 2-2: Ball 3-2: Ground out U3 (Groundball, 3)
|
Batting: LHB Kyle Harrison
|
0-0: Ball 1-0: Ball 2-0: Ball 3-0: Base on Balls
|
Batting: LHB Juan Cuervo
|
0-0: Foul Ball, location: 2F 0-1: Fly out, F2 (Popup, 2RF)
|
Batting: LHB José Rodríguez
|
0-0: Called Strike Kyle Harrison is caught stealing 2nd base
|
Bottom of the 4th over - 0 run(s), 0 hit(s), 0 error(s), 0 left on base; Iowa State 0 - Kansas State 2 |
TOP OF THE 5TH |
Iowa State Cyclones batting - Pitching for Kansas State Wildcats : LHP Ron Huggins
|
Batting: SHB Mario Trujillo
|
0-0: Called Strike 0-1: Ball 1-1: SINGLE (Groundball, 56D)
|
Batting: RHB Marvin Reynolds
|
0-0: Called Strike 0-1: Ball 1-1: Ball 2-1: Grounds into double play, 6-4-3 (Groundball, 6)
|
Batting: RHB Fernando Garza
|
0-0: Called Strike 0-1: Swinging Strike 0-2: Fly out, F2 (Popup, 23F)
|
Top of the 5th over - 0 run(s), 1 hit(s), 0 error(s), 0 left on base; Iowa State 0 - Kansas State 2 |
BOTTOM OF THE 5TH |
Kansas State Wildcats batting - Pitching for Iowa State Cyclones : RHP Tim Hooper
|
Batting: LHB José Rodríguez
|
0-0: Foul Ball, location: 2F 0-1: Fly out, F9 (Flyball, 89XD)
|
Batting: RHB David Hernández
|
0-0: Ball 1-0: Foul Ball, location: 2F 1-1: Ball 2-1: Ground out 4-3 (Groundball, 4M)
|
Batting: RHB John Wilson
|
0-0: Foul Ball, location: 2F 0-1: Ball 1-1: Swinging Strike 1-2: Ball 2-2: DOUBLE (Line Drive, 5D)
|
Batting: RHB Steve Ashe
|
0-0: Ball 1-0: Foul Ball, location: 2F 1-1: Called Strike 1-2: Ground out 6-3 (Groundball, 6M)
|
Bottom of the 5th over - 0 run(s), 1 hit(s), 0 error(s), 1 left on base; Iowa State 0 - Kansas State 2 |
TOP OF THE 6TH |
Iowa State Cyclones batting - Pitching for Kansas State Wildcats : LHP Ron Huggins
|
Batting: RHB Steve Burton
|
0-0: Ball 1-0: Called Strike 1-1: DOUBLE (Popup, 3D)
|
Pinch Runner at 2nd Justin Anthony:
|
|
Batting: RHB Jeff Bergeron
|
0-0: Called Strike 0-1: Foul Ball, location: 2F 0-2: Strikes out swinging
|
Batting: RHB Tom Cline
|
0-0: Ball Justin Anthony is caught stealing 3rd base 1-0: Called Strike 1-1: Ball 2-1: Called Strike 2-2: Strikes out swinging
|
Top of the 6th over - 0 run(s), 1 hit(s), 0 error(s), 0 left on base; Iowa State 0 - Kansas State 2 |
BOTTOM OF THE 6TH |
Kansas State Wildcats batting - Pitching for Iowa State Cyclones : RHP Tim Hooper
|
Now at SS: Justin Anthony
|
|
Batting: RHB Bill Jordan
|
0-0: Ball 1-0: Ball 2-0: SINGLE (Groundball, 4MD)
|
Batting: SHB Don Pittman
|
0-0: Ball Bill Jordan steals 2nd base 1-0: Ball 2-0: Foul Ball, location: 2F 2-1: Ball 3-1: Swinging Strike 3-2: Fly out, F8 (Flyball, 8RM)
|
Batting: LHB Tony Smith
|
0-0: Intentional Walk
|
Batting: LHB Kyle Harrison
|
0-0: Ball 1-0: Swinging Strike 1-1: Fly out, F8 (Flyball, 8RM)
|
Pitching: LHP Jeffery Guillermina
|
|
Batting: LHB Juan Cuervo
|
0-0: SINGLE (Line Drive, 34) Bill Jordan to third Tony Smith to second
|
Pitching: RHP Kyle Rumbolt
|
|
Batting: LHB José Rodríguez
|
0-0: Ball 1-0: Fly out, F8 (Flyball, 78D)
|
Bottom of the 6th over - 0 run(s), 2 hit(s), 0 error(s), 3 left on base; Iowa State 0 - Kansas State 2 |
TOP OF THE 7TH |
Iowa State Cyclones batting - Pitching for Kansas State Wildcats : LHP Ron Huggins
|
Batting: LHB Ash Carney
|
0-0: Called Strike 0-1: SINGLE (Groundball, 13) (infield hit)
|
Batting: LHB Ramiro Muńóz
|
0-0: Called Strike 0-1: Called Strike 0-2: Foul Ball, location: 2F 0-2: Ball 1-2: Grounds into double play, 4-6-3 (Groundball, 4)
|
Batting: RHB Dan Morrison
|
0-0: Ball 1-0: Ball 2-0: Called Strike 2-1: Ball 3-1: Called Strike 3-2: Foul Ball, location: 2F 3-2: Base on Balls
|
Pitching: LHP Timothy Martin
|
|
Batting: SHB Mario Trujillo
|
0-0: Foul Ball, location: 2F 0-1: Called Strike 0-2: Ball 1-2: Strikes out looking
|
Top of the 7th over - 0 run(s), 1 hit(s), 0 error(s), 1 left on base; Iowa State 0 - Kansas State 2 |
BOTTOM OF THE 7TH |
Kansas State Wildcats batting - Pitching for Iowa State Cyclones : RHP Kyle Rumbolt
|
Batting: RHB David Hernández
|
0-0: Ball 1-0: Called Strike 1-1: Ground out 6-3 (Groundball, 6)
|
Batting: RHB John Wilson
|
0-0: Called Strike 0-1: Swinging Strike 0-2: Foul Ball, location: 2F 0-2: Ball 1-2: Ball 2-2: Ball 3-2: Base on Balls
|
Batting: RHB Steve Ashe
|
0-0: Ball 1-0: Fly out, F9 (Flyball, 9LM)
|
Batting: RHB Bill Jordan
|
0-0: Called Strike 0-1: Called Strike 0-2: Ball 1-2: Fly out, F8 (Popup, 8LS)
|
Bottom of the 7th over - 0 run(s), 0 hit(s), 0 error(s), 1 left on base; Iowa State 0 - Kansas State 2 |
TOP OF THE 8TH |
Iowa State Cyclones batting - Pitching for Kansas State Wildcats : LHP Timothy Martin
|
Batting: RHB Marvin Reynolds
|
0-0: Ball 1-0: Ball 2-0: Foul Ball, location: 2F 2-1: Swinging Strike 2-2: Foul Ball, location: 2F 2-2: Strikes out swinging
|
Batting: RHB Fernando Garza
|
0-0: Swinging Strike 0-1: Swinging Strike 0-2: Strikes out swinging
|
Batting: LHB Justin Anthony
|
0-0: Called Strike 0-1: Foul Ball, location: 2F 0-2: Ball 1-2: Strikes out swinging
|
Top of the 8th over - 0 run(s), 0 hit(s), 0 error(s), 0 left on base; Iowa State 0 - Kansas State 2 |
BOTTOM OF THE 8TH |
Kansas State Wildcats batting - Pitching for Iowa State Cyclones : RHP Kyle Rumbolt
|
Batting: SHB Don Pittman
|
0-0: Called Strike 0-1: Ball 1-1: Called Strike 1-2: Strikes out swinging
|
Batting: LHB Tony Smith
|
0-0: Called Strike 0-1: Called Strike 0-2: Ball 1-2: Ball 2-2: Strikes out swinging
|
Batting: LHB Kyle Harrison
|
0-0: Ball 1-0: Ball 2-0: Foul Ball, location: 2F 2-1: SINGLE (Line Drive, 6M)
|
Batting: LHB Juan Cuervo
|
0-0: Ball 1-0: Ball 2-0: Foul Ball, location: 2F 2-1: Ball 3-1: Base on Balls Kyle Harrison to second
|
Batting: LHB José Rodríguez
|
0-0: Fly out, F8 (Line Drive, 8RM)
|
Bottom of the 8th over - 0 run(s), 1 hit(s), 0 error(s), 2 left on base; Iowa State 0 - Kansas State 2 |
TOP OF THE 9TH |
Iowa State Cyclones batting - Pitching for Kansas State Wildcats : LHP Timothy Martin
|
Pitching: RHP Frank Warren
|
|
Now in RF: Bobby Hinkle
|
|
Batting: RHB Jeff Bergeron
|
0-0: Ball 1-0: Foul Ball, location: 2F 1-1: Ball 2-1: Ball 3-1: Base on Balls
|
Batting: RHB Tom Cline
|
0-0: Ball 1-0: Swinging Strike 1-1: Foul Ball, location: 2F 1-2: Ball 2-2: Foul Ball, location: 2F 2-2: Ball 3-2: Foul Ball, location: 2F 3-2: Base on Balls Jeff Bergeron to second
|
Batting: LHB Ash Carney
|
0-0: Sac Bunt - play at first, batter OUT! 1-3 Jeff Bergeron to third Tom Cline to second
|
Batting: LHB Ramiro Muńóz
|
0-0: Called Strike 0-1: Ball 1-1: Ball 2-1: Ball 3-1: Base on Balls
|
Batting: RHB Dan Morrison
|
0-0: Ball 1-0: Called Strike 1-1: Ball 2-1: Foul Ball, location: 2F 2-2: Ball 3-2: Fly out, F7 (Flyball, 78M) Runner from 3rd tags up, SCORES, no throw
|
Batting: SHB Mario Trujillo
|
0-0: Called Strike 0-1: Ball 1-1: Foul Ball, location: 2F 1-2: Ball 2-2: Ball 3-2: Foul Ball, location: 2F 3-2: Fly out, F9 (Line Drive, 9LM)
|
Top of the 9th over - 1 run(s), 0 hit(s), 0 error(s), 2 left on base; Iowa State 1 - Kansas State 2 |
|